 Dungeon Crawl Stone Soup version 0.28-a0-691-gad6df49e81 (webtiles) character file.

Game seed: 6033254250811886785

2 willcat the Skirmisher (level 1, -1/24 HPs)
             Began as an Ogre Delver on Oct 22, 2021.
             Slain by a hornet zombie (4 damage)
             ... on level 6 of the Dungeon.
             The game lasted 00:00:23 (64 turns).

willcat the Skirmisher (Ogre Delver)                  Turns: 64, Time: 00:00:24

Health: -1/24      AC:  3    Str: 15    XL:     1   Next: 40%
Magic:  1/1        EV: 10    Int: 11    God:
Gold:   0          SH:  0    Dex: 10    Spells: 0/0 levels left

rFire   . . .      SeeInvis .   a - +1 spear
rCold   . . .      Faith    .   (no shield)
rNeg    . . .      Spirit   .   b - +0 robe
rPois   .          Reflect  .   (helmet restricted)
rElec   .          Harm     .   (no cloak)
rCorr   .          Rampage  .   (gloves unavailable)
Will    .....                   (boots unavailable)
Stlth   ++........              (no amulet)
HPRegen 0.08/turn               (no ring)
MPRegen 0.07/turn               (no ring)

@: no status effects
A: large, unfitting armour, tough skin 1
a: no special abilities


You were on level 6 of the Dungeon.
You visited 1 branch of the dungeon, and saw 2 of its levels.

Inventory:

Hand Weapons
 a - a +1 spear (weapon)
Armour
 b - a +0 robe (worn)
Wands
 g - a wand of digging (3)
Scrolls
 c - a scroll of fog
 d - a scroll of magic mapping
Potions
 f - a potion of haste


   Skills:
 + Level 4.1 Fighting
 + Level 2.1 Polearms
 + Level 1.8 Dodging
 - Level 3.7 Stealth


You couldn't memorise any spells.
You didn't know any spells.
Your spell library was empty.

Dungeon Overview and Level Annotations

Branches:
Dungeon (6/15)
 Temple: D:4-7

Altars:

Annotations:
D:6 Sigmund


Innate Abilities, Weirdness & Mutations

You are too large for most types of armour.
You have tough skin. (AC +1)


Message History

The jackal bites you but does no damage.
A black bear comes into view.
The jackal bites you but does no damage.
Sigmund shouts!
A hornet zombie comes into view.
Found 4 javelins.
Found 19 gold pieces.
The jackal barely misses you.
An iguana and 2 yaks come into view.
The yak bellows!
A yak comes into view. x2
The yak bellows!
A yak comes into view.
The jackal barely misses you.
Found 6 curare-tipped darts and 11 stones.
Found a chain mail.
Sigmund gestures at you while chanting. You resist with significant effort.
The jackal closely misses you.
As you read the scroll labelled QUORUL YFAO, it crumbles to dust.
It is a scroll of enchant weapon.
Your +0 spear glows red for a moment.
The iguana hisses angrily.
The hornet zombie completely misses you.
The jackal bites you but does no damage.
The hornet zombie barely misses you.
A water moccasin comes into view.
As you read the scroll of fear, it crumbles to dust.
You assume a fearsome visage.
Sigmund looks frightened!
The yak looks frightened!
The black bear looks frightened!
The hornet zombie is unaffected.
The water moccasin looks frightened!
The water moccasin hisses angrily.
The iguana looks frightened!
The jackal looks frightened!
Sigmund gestures wildly while chanting.
Sigmund flickers and vanishes!
Deactivating autopickup; reactivate with Ctrl-A.
The hornet zombie hits you. The hornet zombie hits you!
The hornet zombie hits you.
* * * LOW HITPOINT WARNING * * *
The hornet zombie hits you.
You die...

..# #.#...... #.#.#...## #
#.#......##.. #.# #
#.#..........
#..h#.#.#..........
#.#.......#.#.......l..
#..........@#......(...
............Z..........
.........#...##.........[#
.........#...............#
................Y.....(....
.......................##..
....... ##.....Y.##...##
.......###.##h...###.##
....#.............# ...


You could see 2 yaks, a black bear (fleeing), a hornet zombie and a jackal
(fleeing).

Vanquished Creatures
  2 jackals (D:5)
2 creatures vanquished.

Notes
Turn   | Place    | Note
-------+----------+-------------------------------------------
     0 | D:5      | willcat the Ogre Delver began the quest for the Orb.
     0 | D:5      | Reached XP level 1. HP: 24/24 MP: 1/1
    21 | D:5      | Noticed a necrophage
    35 | D:5      | Noticed a phantom
    46 | D:6      | Noticed Sigmund
    49 | D:6      | Noticed a black bear
    51 | D:6      | Noticed a hornet zombie
    53 | D:6      | Noticed a yak
    53 | D:6      | Noticed a yak
    53 | D:6      | Noticed an iguana
    53 | D:6      | Noticed a yak
    53 | D:6      | Noticed a yak
    54 | D:6      | Noticed a yak
    59 | D:6      | Noticed a water moccasin
    64 | D:6      | Slain by a hornet zombie

Illustrated notes

Levels and vault maps discovered:
D:5:      layout_basic, elyvilon_altar_3, minmay_temple_entry_mini_moons,
          minmay_misc_feat_chi, uniq_eustachio, uniq_menkaure
D:6:      layout_cave_pools, nicolae_overflow_hidden_temple,
          minmay_misc_feat_more_columns, uniq_sigmund, uniq_prince_ribbit1

Action                   || total
-------------------------++-------
Melee: Spear             ||    10
  Use: Scroll            ||     2
Armor: Robe              ||    13
Dodge: Dodged            ||    13

Table legend: (Time is in decaauts)
 A = Elapsed time spent in this place.
 B = Non-inter-level travel time spent in this place.
 C = Inter-level travel time spent in this place.
 D = Time resting spent in this place.
 E = Time spent auto-exploring this place.
 F = Levels seen in this place.
 G = Mean time per level.
                   A        B        C        D        E       F      G
               +--------+--------+--------+--------+--------+-----+--------+
         Total |     63 |     63 |      0 |      0 |     12 |   2 |   31.5 |
       Dungeon |     63 |     63 |      0 |      0 |     12 |   2 |   31.5 |
               +--------+--------+--------+--------+--------+-----+--------+

Top non-repeatable levels by time:
     D:5: 46 daAuts
     D:6: 17 daAuts
